 Dungeon Crawl Stone Soup version 0.27.1-33-g824d729ab1 (webtiles) character file.

Game seed: 4763341306180377535

18508 potato4science the Cleaver (level 12, -2/108 HPs)
             Began as a Hill Orc Fighter on Dec 20, 2021.
             Was a High Priest of Okawaru.
             Killed by the air
             ... invoked by Gastronok
              (20 damage)
             ... on level 9 of the Dungeon.
             The game lasted 01:25:05 (17167 turns).

potato4science the Cleaver (Hill Orc Fighter)      Turns: 17167, Time: 01:25:06

Health: -2/108     AC: 16    Str: 30    XL:     12   Next: 59%
Magic:  19/19      EV:  9    Int:  8    God:    Okawaru [*****.]
Gold:   1013       SH: 18    Dex: 17    Spells: 11/11 levels left

rFire    . . .     SeeInvis +   o - +1 broad axe "Isohuph" {venom, Drain rN++ Dex+5}
rCold    . . .     Faith    .   c - +0 kite shield
rNeg     + + .     Spirit   .   u - +5 ring mail of the Fiddle {rElec Dex+2 SInv}
rPois    .         Reflect  +   d - +1 helmet
rElec    +         Harm     .   (no cloak)
rCorr    .         Rampage  .   f - +0 pair of gloves
Will     .....                  (no boots)
Stlth    +.........             A - amulet of reflection
HPRegen  0.28/turn              y - +4 ring of slaying
MPRegen  0.16/turn              E - +6 ring of strength

@: slowed, very slow
A: no striking features
a: Renounce Religion, Heroism, Finesse


You were on level 9 of the Dungeon.
You worshipped Okawaru.
Okawaru was extremely pleased with you.
You visited 2 branches of the dungeon, and saw 13 of its levels.
You also visited: Bailey.

You collected 1193 gold pieces.
You spent 180 gold pieces at shops.

Inventory:

Hand Weapons
 a - a +0 war axe
 h - a +3 whip of distortion
 i - a +1 vampiric dagger
 o - the +1 broad axe "Isohuph" (weapon) {venom, Drain rN++ Dex+5}
   (You bought it in a shop on level 1 of the Dungeon)

   It poisons the flesh of those it strikes.
   Dex:       It affects your dexterity (+5).
   rN:        It greatly protects you from negative energy.
   Drain:     It drains your maximum health when unequipped.
 p - a +0 spear of venom
 K - the +5 spear of Midwinter {pain, rCorr}
   (You took it off a gnoll in a bailey)

   In the hands of one skilled in necromantic magic, it inflicts extra damage on
   living creatures.
   rCorr:     It protects you from acid and corrosion.
Missiles
 j - 8 boomerangs (quivered)
 z - 3 silver javelins
 B - 12 throwing nets
Armour
 c - a +0 kite shield (worn)
 d - a +1 helmet (worn)
 f - a +0 pair of gloves (worn)
 u - the +5 ring mail of the Fiddle (worn) {rElec Dex+2 SInv}
   (You found it on level 5 of the Dungeon)

   Dex:       It affects your dexterity (+2).
   rElec:     It insulates you from electricity.
   SInv:      It lets you see invisible.
 N - a +0 plate armour
Magical Staves
 k - a staff of conjuration
Jewellery
 b - a ring of magical power
 e - a ring of fire
 y - a +4 ring of slaying (left hand)
 A - an amulet of reflection (around neck)
 C - a +6 ring of dexterity
 E - a +6 ring of strength (right hand)
 O - a +4 ring of evasion
 P - a +6 ring of intelligence
Wands
 q - a wand of flame (50)
 F - a wand of mindburst (6)
 J - a wand of paralysis (14)
 Q - a wand of iceblast (16)
Scrolls
 m - a scroll of enchant armour
 r - 2 scrolls of summoning
 s - 2 scrolls of silence
 v - 3 scrolls of teleportation
 D - a scroll of enchant weapon
 H - 3 scrolls of fog
 I - 3 scrolls of amnesia
 M - a scroll of blinking
 R - a scroll of magic mapping
Potions
 g - 5 potions of heal wounds
 l - 5 potions of curing
 n - 2 potions of cancellation
 t - 5 potions of flight
 w - a potion of degeneration {unknown}
 x - 2 potions of lignification
 G - a potion of invisibility
 L - 6 potions of ambrosia
 S - a potion of attraction {unknown}


   Skills:
 + Level 10.8 Fighting
 * Level 14.9 Axes
 + Level 9.9 Armour
 + Level 10.0 Shields
 - Level 10.0 Invocations


You had 11 spell levels left.
You didn't know any spells.
Your spell library contained the following spells:

 Spells                   Type           Power      Damage    Failure   Level
 Foxfire                  Conj/Fire      0%         2x1d4     73%         1
 Summon Small Mammal      Summ           0%         N/A       73%         1
 Call Canine Familiar     Summ           0%         N/A       97%         3
 Conjure Flame            Conj/Fire      0%         6-21      97%         3
 Inner Flame              Hex/Fire       0%         N/A       97%         3
 Summon Guardian Golem    Hex/Summ       0%         N/A       97%         3
 Fulminant Prism          Conj/Hex       0%         3d6       100%        4
 Iskenderun's Mystic Bla  Conj/Tloc      0%         2d3       100%        4
 Lee's Rapid Deconstruct  Erth           0%         3d5*      100%        5
 Dispersal                Tloc           0%         N/A       100%        6
 Disjunction              Tloc           0%         N/A       100%        8


Dungeon Overview and Level Annotations

Branches:
Dungeon (12/15)            Temple (1/1) D:5            Lair (0/6) D:9
    Orc (0/2) D:9          Bailey (visited)

Altars:
Ashenzari
Cheibriados
Dithmenos
Elyvilon
Fedhas
Gozag
Hepliaklqana
Kikubaaqudgha
Makhleb
Nemelex Xobeh
Okawaru
Qazlal
Ru
Sif Muna
Trog
Uskayaw
Vehumet
Wu Jian
Xom
Yredelemnul
Zin
The Shining One
Jiyva

Shops:
D:1 (   D:5 [

Annotations:
D:2 1 runed translucent door, Crazy Yiuf, Natasha, Sigmund
D:9 Gastronok
D:11 1 runed translucent door, safid's ghost, journeyman HOFi
D:12 3 runed translucent doors, hehateme's ghost, journeyman GrEE


Message History

The air twists around and strikes you!!
Gastronok's eyestalks quiver as he mumbles some strange words.
Gastronok puts on a burst of speed!
Gastronok mumbles some strange words.
Gastronok waves his eye-stalks in wide circles.
The air twists around and strikes you!! Gastronok casts a spell at you.
You feel yourself slow down.
Gastronok's eyestalks quiver as he mumbles some strange words.
The river rat twitches its whiskers.
You block the bat's attack. You block the river rat's attack.
You block the bat's attack. The bat hits you but does no damage.
Gastronok waves his eye-stalks in wide circles.
The air twists around and strikes you!!
* * * LOW HITPOINT WARNING * * *
The river rat closely misses you. You block the bat's attack.
You closely miss the river rat. You block the bat's attack.
You block the river rat's attack.
You barely miss the river rat. You closely miss the bat. The bat hits you.
* * * LOW HITPOINT WARNING * * *
The river rat barely misses you.
The river rat bites you but does no damage.
You slice the river rat!!
You kill the river rat!
The river rat's corpse disappears in a puff of smoke!
You closely miss the bat. You block the bat's attack.
The bat hits you but does no damage. You block the bat's attack.
You slice the bat!!
You kill the bat!
The bat's corpse disappears in a puff of smoke!
Gastronok waves his eye-stalks in wide circles.
The air twists around and strikes you!
* * * LOW HITPOINT WARNING * * *
Gastronok is no longer moving quickly.
Gastronok glows a brilliant shade of cerise.
Gastronok waves his eye-stalks in wide circles.
The air twists around and strikes you!!
You die...

#....#...#...##...#
#.w..#...#...'.....
#....#...#...#.....
#....#...##..#.....
#....#...##..##....
#....#....#..##....
#....#....#........
#....'....#........
#.@..#....#w.......
#....#....#..##....
#....###'##..##....
#....#...######....
#....'.......[.....
#....#.......####[#
#....#######.#.....
#....#††.....#.....
######....#††..†#.#.....


You could see Gastronok.

Vanquished Creatures
  Harold (D:7)
  3 two-headed ogres (D:12)
  Nergalle (D:10)
  Pikel (D:7)
  An ugly thing (D:7)
  2 manticores (D:12)
  Maggie (D:7)
  Psyche (D:8)
  An unseen horror (D:12)
  A komodo dragon (D:12)
  A queen bee (D:9)
  A troll (D:11)
  Prince Ribbit (D:4)
  A meliai zombie (D:10)
  12 yaks
  2 wraiths
  3 wyverns
  A shadow (D:11)
  Eustachio (D:5)
  3 basilisks
  2 vampire mosquitoes (D:12)
  An acid dragon (D:10)
  9 water moccasins
  8 orc warriors
  3 black bears
  3 ice beasts
  4 ogres
  A lemure (D:7)
  7 centaurs
  4 kobold brigands
  8 gnoll sergeants (Bailey)
  A wyvern skeleton (D:6)
  A water moccasin skeleton (D:6)
  4 wights
  31 killer bees
  9 howler monkeys
  A spectral centaur (D:9)
  4 centaur zombies
  4 jellies (D:8)
  4 hounds
  11 orc priests
  6 gnoll shamans (Bailey)
  5 iguanas
  12 orc wizards
  Robin (D:1)
  3 howler monkey zombies
  3 howler monkey skeletons
  28 gnolls
  8 adders
  2 ufetubi
  A dart slug (D:2)
  68 orcs
  2 endoplasms (D:2)
  3 giant cockroaches
  16 goblins
  11 hobgoblins
  2 jackals (D:1)
  27 kobolds
  2 quokkas
  2 bats
  2 frilled lizards
  5 rats
368 creatures vanquished.

Vanquished Creatures (others)
  An unseen horror (D:12)
  7 fungi
  17 plants
  3 withered plants (D:11)
28 creatures vanquished.

Grand Total: 396 creatures vanquished

Notes
Turn   | Place    | Note
-------+----------+-------------------------------------------
     0 | D:1      | potato4science the Hill Orc Fighter began the quest for the
                  | Orb.
     0 | D:1      | Reached XP level 1. HP: 19/19 MP: 1/1
     5 | D:1      | Found Dygginn's Antique Weapon Shoppe.
   299 | D:1      | Reached XP level 2. HP: 27/27 MP: 2/2
   302 | D:1      | Reached skill level 3 in Axes
   855 | D:1      | Found a faded altar of an unknown god.
  1046 | D:2      | Noticed Robin
  1062 | D:1      | Reached XP level 3. HP: 32/33 MP: 3/3
  1111 | D:1      | Killed Robin
  1579 | D:2      | Noticed Sigmund
  1901 | D:2      | Reached XP level 4. HP: 36/40 MP: 4/4
  2065 | D:2      | Found a runed translucent door.
  2066 | D:2      | Noticed Crazy Yiuf
  2114 | D:2      | Noticed Natasha
  2209 | D:3      | Found a white marble altar of Elyvilon.
  2710 | D:3      | Reached skill level 4 in Axes
  3126 | D:3      | Reached XP level 5. HP: 42/47 MP: 5/5
  3174 | D:3      | Found a basalt altar of Yredelemnul.
  3745 | D:4      | Noticed a black bear
  4356 | D:4      | Found an ornate altar of the Wu Jian Council.
  4517 | D:4      | Reached skill level 5 in Axes
  4517 | D:4      | Reached XP level 6. HP: 47/55 MP: 6/6
  4606 | D:4      | Reached skill level 5 in Fighting
  5098 | D:1      | Bought an iridescent broad axe for 180 gold pieces
  5098 | D:1      | Identified the +1 broad axe "Isohuph" {venom, Drain rN++
                  | Dex+5} (You bought it in a shop on level 1 of the Dungeon)
  5198 | D:4      | Killed a black bear
  5199 | D:4      | Reached skill level 6 in Axes
  5199 | D:4      | Reached XP level 7. HP: 46/61 MP: 7/7
  5352 | D:5      | Entered Level 5 of the Dungeon
  5352 | D:5      | Noticed Prince Ribbit
  5361 | D:5      | Noticed Eustachio
  5367 | D:4      | Killed Prince Ribbit
  5368 | D:4      | Reached skill level 5 in Armour
  5368 | D:4      | Reached skill level 5 in Shields
  5576 | D:5      | Found Ziehub's Antique Armour Boutique.
  5617 | D:5      | Reached skill level 7 in Axes
  5735 | D:5      | Found a staircase to the Ecumenical Temple.
  5742 | Temple   | Entered the Ecumenical Temple
  6025 | D:5      | Reached XP level 8. HP: 63/70 MP: 8/8
  6456 | D:5      | Identified the +5 ring mail of the Fiddle {rElec Dex+2
                  | SInv}
  6532 | D:5      | Killed Eustachio
  6533 | D:5      | Reached skill level 8 in Axes
  6886 | D:5      | Found a shimmering altar of Xom.
  6968 | D:5      | Noticed a water elemental
  6969 | D:5      | Found a stormy altar of Qazlal.
  6975 | D:5      | Noticed an air elemental
  7055 | D:5      | Found a large runed translucent door.
  7062 | D:5      | Found a large runed translucent door.
  7270 | D:5      | Found a hide-covered altar of Uskayaw.
  7276 | D:5      | Found an iron altar of Okawaru.
  7279 | D:5      | Became a worshipper of Warmaster Okawaru
  7641 | D:6      | Reached skill level 9 in Axes
  8003 | D:6      | Reached XP level 9. HP: 60/79 MP: 9/9
  8297 | D:6      | Reached skill level 1 in Invocations
  8561 | D:6      | Found a sparkling altar of Nemelex Xobeh.
  8773 | D:7      | Noticed Pikel
  8790 | D:7      | Killed Pikel
  8790 | D:7      | Reached * piety under Okawaru
  8791 | D:7      | Reached skill level 10 in Axes
  9353 | D:7      | Reached skill level 5 in Invocations
  9353 | D:7      | Reached XP level 10. HP: 88/88 MP: 13/13
  9590 | D:7      | Noticed Maggie
  9601 | D:7      | Killed Maggie
  9601 | D:7      | Reached ** piety under Okawaru
  9602 | D:7      | Reached skill level 11 in Axes
  9760 | D:7      | Noticed a purple ugly thing
 10150 | D:7      | Killed a purple ugly thing
 10504 | D:8      | Noticed Psyche
 10511 | D:8      | Killed Psyche
 10649 | D:8      | Reached *** piety under Okawaru
 10694 | D:8      | Noticed Harold
 10705 | D:7      | Killed Harold
 10706 | D:7      | Reached skill level 12 in Axes
 10925 | D:8      | Found a radiant altar of Vehumet.
 11012 | D:8      | Found a blossoming altar of Fedhas.
 11035 | D:8      | Found a viscous altar of Jiyva.
 11061 | D:8      | Found a burning altar of Makhleb.
 11078 | D:8      | Found a glowing silver altar of Zin.
 11254 | D:9      | Found a flagged portal.
 11281 | Bailey   | Entered a bailey
 11675 | Bailey   | Reached **** piety under Okawaru
 11908 | Bailey   | Reached XP level 11. HP: 94/95 MP: 17/17
 11928 | Bailey   | Identified the +5 spear of Midwinter {pain, rCorr}
 13129 | D:9      | Reached skill level 13 in Axes
 13264 | D:9      | Found a staircase to the Lair.
 13376 | D:9      | Reached ***** piety under Okawaru
 13663 | D:9      | Noticed Gastronok
 14129 | D:9      | Found a staircase to the Orcish Mines.
 14313 | D:10     | Entered Level 10 of the Dungeon
 14514 | D:10     | Reached skill level 10 in Fighting
 14626 | D:10     | Found a bloodstained altar of Trog.
 14869 | D:10     | Noticed Nergalle
 14881 | D:10     | Killed Nergalle
 14882 | D:10     | Reached skill level 14 in Axes
 15118 | D:11     | Found an ancient bone altar of Kikubaaqudgha.
 15349 | D:11     | Noticed a six-headed hydra
 15380 | D:11     | Reached XP level 12. HP: 106/106 MP: 18/18
 15408 | D:11     | Identified the +4 ring mail "Dyutep" {rC+ Will- SInv}
 15923 | D:11     | Found a runed translucent door.
 15925 | D:11     | Identified the +6 spear of Poxysh {antimagic, Will+ Str+4}
 15925 | D:11     | Noticed safid's ghost (journeyman HOFi)
 15967 | D:12     | Noticed a two-headed ogre
 15967 | D:12     | Found a shimmering altar of Xom.
 16032 | D:12     | Noticed a two-headed ogre
 16040 | D:12     | Killed a two-headed ogre
 16068 | D:12     | Found a broken altar of Ashenzari.
 16069 | D:12     | Noticed a two-headed ogre
 16261 | D:12     | Found a runed translucent gate.
 16262 | D:12     | Found a runed translucent gate.
 16262 | D:12     | Found a runed translucent gate.
 16263 | D:12     | Found an opulent altar of Gozag.
 16265 | D:12     | Noticed a storm dragon
 16265 | D:12     | Noticed a two-headed ogre
 16265 | D:12     | Noticed an ogre mage
 16265 | D:12     | Noticed hehateme's ghost (journeyman GrEE)
 16420 | D:12     | Killed a two-headed ogre
 16421 | D:12     | Reached skill level 10 in Invocations
 16599 | D:12     | Found a broken altar of Ashenzari.
 16720 | D:12     | Killed a two-headed ogre
 16721 | D:12     | Reached skill level 10 in Shields
 17167 | D:9      | Killed from afar by Gastronok

Illustrated notes

Levels and vault maps discovered:
D:1:      wander_arrival_lonely_grave, layout_loops_ring,
          dreamdust_ecumenical_altar_hidden_monk_grotto, serial_shops, shop
D:2:      layout_loops_cross, minmay_pentomino_t4, uniq_crazy_yiuf_cottage,
          uniq_robin, uniq_sigmund, uniq_natasha
D:3:      layout_basic, mainiacjoe_overflow_alcove_1,
          mainiacjoe_overflow_small_starburst
D:4:      layout_rooms, nicolae_wu_jian_wuxing_cycle
D:5:      layout_rooms, nicolae_qazlal_style_of_elements,
          general_overflow_altar, jmf_multi_god_temple2,
          minmay_temple_entry_trees, serial_shops, nicolae_diamond_shop,
          uniq_prince_ribbit1, uniq_eustachio
D:6:      layout_basic, nemelex_altar_shiori
D:7:      mumra_celtic_spiral_tile, layout_loops_ring, hangedman_decor_opposing,
          grunt_ogre_cave, nicolae_lava_and_water, minmay_microvault,
          uniq_pikel, uniq_maggie
D:8:      layout_cave_pools, zin_scriptorium,
          mainiacjoe_overflow_surrounded_room, bloody_makhleb,
          lemuel_crystal_altar, jiyva_altar_1, uniq_harold, uniq_psyche
D:9:      layout_gridville, minmay_lair_entry_grove, hiddenorc1_lemuel,
          special_room [special_room_bee], enter_bailey_5,
          hangedman_weighted_door, uniq_gastronok
D:10:     layout_rooms, mainiacjoe_overflow_catwalk,
          hangedman_abyss_or_decor_stabs, uniq_nergalle
D:11:     layout_roguey [special_room_orc], ebering_ghost_funeral_grove,
          dk_noncrumbling_2, kiku_gazebo_garden_becter
D:12:     layout_rooms, ebering_ghost_gozag, hangedman_feature_mirror,
          hangedman_abyss_or_decor_passed, minivault_5,
          nicolae_ashenzari_panopticon
Temple:   jpeg_temple_island

Skill      XL: |  1  2  3  4  5  6  7  8  9 10 11 12 |
---------------+-------------------------------------+-----
Axes           | 3 4 5 6 7 9 10 12 14 | 14.9
Fighting       | 4 5 6 7 8 10 | 10.8
Shields        | 4 5 6 7 8 9 10 | 10.0
Armour         | 4 5 6 7 8 9 |  9.9
Invocations    | 5 8 9 10 | 10.0

Action                   |  1- 3 |  4- 6 |  7- 9 | 10-12 || total
-------------------------+-------+-------+-------+-------++-------
Melee: War axe           |   120 |   128 |       |       ||   248
       Broad axe         |       |     4 |   181 |   606 ||   791
Throw: Boomerang         |       |    30 |    39 |   180 ||   249
Invok: Heroism           |       |       |     1 |     7 ||     8
       Finesse           |       |       |       |     6 ||     6
Evoke: Wand              |       |       |       |    15 ||    15
  Use: Potion            |     1 |       |       |       ||     1
       Scroll            |       |     6 |     1 |    10 ||    17
 Stab: Distracted        |       |       |       |     1 ||     1
Armor: Scale mail        |    64 |    65 |     8 |       ||   137
       Ring mail         |       |       |    39 |   177 ||   216
Dodge: Dodged            |    36 |    50 |    44 |   140 ||   270
Block: Kite shield       |    69 |    86 |   132 |   539 ||   826
       Reflection        |       |       |       |    33 ||    33
